 Dungeon Crawl Stone Soup version 0.22-a0-284-g99d1f74 (webtiles) character file.

308 erloom the Shooter (level 6, -1/55 HPs)
             Began as a Centaur Hunter on Mar 22, 2018.
             Slain by a centaur (4 damage)
             ... on level 5 of the Dungeon.
             The game lasted 00:14:18 (3688 turns).

erloom the Shooter (Centaur Hunter)                 Turns: 3688, Time: 00:14:19

Health: -1/55      AC:  6    Str: 14    XL:     6   Next: 16%
Magic:  6/6        EV:  8    Int: 10    God:
Gold:   210        SH:  0    Dex: 17    Spells: 5/5 levels left

rFire    . . .     SeeInvis .   a - +0 short sword (venom)
rCold    . . .     Gourm    .   (no shield)
rNeg     . . .     Faith    .   t - +0 ring mail
rPois    .         Spirit   .   (no helmet)
rElec    .         Reflect  .   (no cloak)
rCorr    +         Harm     .   h - +0 pair of gloves
MR       .....                  (no barding)
Stlth    +.........             (no amulet)
HPRegen  0.18/turn              y - ring of resist corrosion
MPRegen  0.10/turn              w - +5 ring of dexterity

@: very quick
A: large, hooves 3, deformed body, speed 2, tough skin 3
a: no special abilities


You were on level 5 of the Dungeon.
You were not hungry.

You visited 1 branch of the dungeon, and saw 5 of its levels.

You collected 210 gold pieces.

Inventory:

Hand Weapons
 a - a +0 short sword of venom (weapon)
 b - a +1 shortbow
 j - a +0 short sword
 m - a +0 flail
Missiles
 d - 15 arrows
Armour
 c - a +0 leather armour
 h - a +0 pair of gloves (worn)
 k - a +0 leather armour
 p - a +0 pair of gloves
 t - a +0 ring mail (worn)
 v - a +0 chain mail
Jewellery
 q - a +4 ring of intelligence
 w - a +5 ring of dexterity (right hand)
 x - a +3 ring of intelligence
 y - a ring of resist corrosion (left hand)
Scrolls
 e - 3 scrolls of remove curse
 g - a scroll of amnesia {unknown}
 i - a scroll of random uselessness
 n - a scroll of vulnerability {unknown}
 o - a scroll of fear {unknown}
 r - a scroll of identify
 s - a scroll of teleportation {unknown}
 A - a scroll of magic mapping {unknown}
 E - a scroll of fog {unknown}
Potions
 l - 4 potions of curing {unknown}
 u - a potion of brilliance {unknown}
 z - 2 potions of heal wounds {unknown}
 B - a potion of flight {unknown}
 C - a potion of magic {unknown}
 D - 2 potions of agility {unknown}
Comestibles
 f - 10 rations
 F - 4 chunks of flesh


   Skills:
 + Level 4.8 Fighting
 + Level 7.9 Bows
 - Level 1.3 Dodging
 - Level 0.4 Stealth


You had 5 spell levels left.
You didn't know any spells.

Dungeon Overview and Level Annotations

Branches:
Dungeon (5/15)
 Temple: D:4-7

Altars:
Xom
Yredelemnul
The Shining One


Innate Abilities, Weirdness & Mutations

You have hooves in place of feet.
Armour fits poorly on your strangely shaped body.
You cover ground very quickly.
You have extremely tough skin. (AC +3)


Message History

The centaur barely misses you.
You hit the centaur but do no damage.
The centaur looks as sick as possible!
The centaur is moderately wounded.
The centaur hits you. The centaur closely misses you.
Your ring mail prevents you from hitting the centaur.
Your kick misses the centaur.
The centaur is moderately wounded.
The centaur hits you.
You hit the centaur but do no damage.
The centaur looks as sick as possible!
The centaur is heavily wounded.
The centaur hits you.
* * * LOW HITPOINT WARNING * * *
The centaur hits you!
* * * LOW HITPOINT WARNING * * *
You closely miss the centaur.
The centaur is heavily wounded.
The centaur hits you.
* * * LOW HITPOINT WARNING * * *
The centaur hits you.
You die...

######### ####
#........ .... #@# #...
######c#############...
#>....c...........))...
#.##.#.#############.##
#.#......# #.## #
#......# ######..#
#.................
#......#####..##..
....#.## #..#...


You could see 2 centaurs.

Vanquished Creatures
  A hound (D:5)
  2 orc wizards
  2 worker ants
  A gnoll (D:1)
  8 adders
  3 dart slugs (D:1)
  4 leopard geckos
  12 orcs
  A ball python (D:2)
  3 giant cockroaches
  7 goblins
  6 hobgoblins
  5 jackals
  A quokka (D:2)
  9 bats
  4 frilled lizards
  7 kobolds
  A quokka skeleton (D:4)
  6 rats
83 creatures vanquished.

Notes
Turn   | Place    | Note
-------+----------+-------------------------------------------
     0 | D:1      | erloom the Centaur Hunter began the quest for the Orb.
     0 | D:1      | Reached XP level 1. HP: 17/17 MP: 1/1
   177 | D:1      | Reached XP level 2. HP: 25/25 MP: 2/2
   439 | D:1      | Reached skill level 6 in Bows
   439 | D:1      | Reached XP level 3. HP: 16/30 MP: 3/3
  1167 | D:2      | Found a basalt altar of Yredelemnul.
  1204 | D:2      | Reached XP level 4. HP: 21/38 MP: 4/4
  2079 | D:2      | Found a shimmering altar of Xom.
  2081 | D:2      | Found a glowing golden altar of the Shining One.
  2442 | D:3      | Reached skill level 7 in Bows
  2442 | D:3      | Reached XP level 5. HP: 42/46 MP: 5/5
  2580 | D:3      | Found a faded altar of an unknown god.
  3463 | D:5      | Entered Level 5 of the Dungeon
  3638 | D:5      | Reached XP level 6. HP: 47/53 MP: 6/6
  3688 | D:5      | Slain by a centaur

Vault maps used:
D:1:      shiori_arrival_maze
D:2:      chequers_temple_overflow_statue_of_worship,
          nicolae_overflow_hidden_temple
D:3:      kennysheep_big_flooded_room, chequers_ecumenical_altar_twisty
D:4:      first_ration
D:5:      minmay_goblin_kobold_castle, uniq_eustachio, uniq_edmund

Skill      XL: |  1  2  3  4  5 |
---------------+----------------+-----
Bows           | 6 7 |  7.9
Fighting       | 3 4 |  4.8
Dodging        | |  1.3
Stealth        | |  0.4

Action                   |  1- 3 |  4- 6 || total
-------------------------+-------+-------++-------
Melee: Short sword       |    38 |    92 ||   130
       Kick              |    10 |    17 ||    27
       Flail             |    19 |       ||    19
 Fire: Shortbow          |    56 |    56 ||   112
  Use: Scroll            |       |     3 ||     3
  Eat: Chunk             |       |     6 ||     6
Armor: Leather armour    |    26 |    14 ||    40
       Ring mail         |       |    26 ||    26
Dodge: Dodged            |    44 |    52 ||    96

Table legend:
 A = Spawn XP
 B = Non-spawn XP
 C = Spawn XP percentage of total XP
 D = Spawn monster count
 E = Non-spawn monster count
 F = Spawn count percentage of total count
 G = Total turns spent on level
                    A         B        C        D         E        F      G
               +---------+---------+-------+---------+---------+-------+---------
         Total |       0 |     440 |   0.0 |       0 |      83 |   0.0 |  3688
               +---------+---------+-------+---------+---------+-------+---------
           D:1 |       0 |      62 |   0.0 |       0 |      27 |   0.0 |   922
           D:2 |       0 |      81 |   0.0 |       0 |      20 |   0.0 |  1058
           D:3 |       0 |      61 |   0.0 |       0 |      15 |   0.0 |   951
           D:4 |       0 |     119 |   0.0 |       0 |      16 |   0.0 |   532
           D:5 |       0 |     117 |   0.0 |       0 |       5 |   0.0 |   225
               +---------+---------+-------+---------+---------+-------+---------
